 Dungeon Crawl Stone Soup version 0.30-b1-2-g02819fbbbe (webtiles) character file.

Game seed: 778372395559512526

377 dorian the Vexing (level 6, -2/30 HPs)
             Began as a Vine Stalker Enchanter on Aug 25, 2023.
             Succumbed to an orc's poison
             ... on level 3 of the Dungeon.
             The game lasted 00:08:44 (2964 turns).

dorian the Vexing (Vine Stalker Enchanter)          Turns: 2964, Time: 00:08:44

Health: -2/30      AC:  2    Str: 10    XL:     6   Next: 73%
Magic:  9/13       EV: 12    Int: 21    God:
Gold:   130        SH:  0    Dex: 17    Spells: 9/13 levels left

rFire   . . .        a - +2 dagger
rCold   . . .        (no shield)
rNeg    . . .        b - +0 robe
rPois   .            (no helmet)
rElec   .            (no cloak)
rCorr   .            (no gloves)
SInv    .            (no boots)
Will    .....        m - amulet of magic regeneration
Stlth   +++          p - +6 ring of intelligence
HPRegen 1.05/turn    (no ring)
MPRegen 0.53/turn

%: guardian spirit
@: lethally poisoned (-2 -> -9)
A: fangs 2, regeneration 1, magic shield, antimagic bite, no potion heal 2
a: no special abilities


You were on level 3 of the Dungeon.
You visited 1 branch of the dungeon, and saw 5 of its levels.

You collected 130 gold pieces.

Inventory:

Hand Weapons
 a - a +2 dagger (weapon)
Missiles
 o - 5 curare-tipped darts (quivered)
Armour
 b - a +0 robe (worn)
Jewellery
 e - a ring of fire
 m - an amulet of magic regeneration (around neck)
 p - a +6 ring of intelligence (left hand)
Wands
 u - a wand of roots (8)
Scrolls
 d - 2 scrolls of amnesia {unknown}
 l - a scroll of identify
 n - a scroll of teleportation
 t - a scroll of fear {unknown}
Potions
 c - 2 potions of invisibility
 f - 5 potions of curing
 g - 3 potions of mutation
 h - a potion of cancellation
 i - a potion of resistance {unknown}
 j - a potion of haste {unknown}
 k - a potion of brilliance {unknown}
 q - a potion of heal wounds {unknown}
 r - a potion of might {unknown}
 s - a potion of attraction {unknown}


   Skills:
 + Level 1.5 Fighting
 * Level 3.6 Short Blades
 - Level 1.5 Dodging
 - Level 3.6 Stealth
 + Level 4.0 Spellcasting
 + Level 4.5 Hexes


You had 9 spell levels left.
You knew the following spells:

 Your Spells              Type           Power      Damage    Failure   Level
a - Ensorcelled Hibernat  Hex/Ice        26%        N/A       7%          2
b - Passwall              Tmut/Erth      3%         N/A       19%         2

Your spell library contained the following spells:

 Spells                   Type           Power      Damage    Failure   Level
 Confusing Touch          Hex            23%        N/A       5%          3
 Tukima's Dance           Hex            23%        N/A       5%          3
 Sandblast                Erth           8%         2d5       12%         1
 Dazzling Flash           Conj/Hex       26%        N/A       14%         3
 Stone Arrow              Conj/Erth      8%         3d7       34%         3
 Animate Armour           Summ/Erth      8%         N/A       75%         4
 Blade Hands              Tmut           2%         N/A       97%         5
 Iron Shot                Conj/Erth      2%         9d2       100%        6
 Borgnjor's Revivificati  Necr           2%         N/A       100%        8
 Necromutation            Tmut/Necr      2%         N/A       100%        8
 Death's Door             Necr           2%         N/A       100%        9


Dungeon Overview and Level Annotations

Branches:
Dungeon (5/15)
 Temple: D:4-7

Altars:

Shops:
D:4 =


Innate Abilities, Weirdness & Mutations

You have extremely sharp teeth.
Your natural rate of healing is unusually fast.
When hurt, damage is shared between your health and your magic reserves.
Your bite disrupts and absorbs the magic of your enemies.
Potions cannot restore your health.


Message History

You impale the orc!!
You kill the orc!
The orc shouts!
The orc hits you with a +0 club. The orc closely misses you.
The orc shouts!
You hit the orc.
The orc is moderately wounded.
The orc barely misses you.
The orc hits you with a +3 short sword of venom.
You are poisoned.
The orc attacks as you move away! The orc hits you with a +0 whip.
You feel very sick.
There is a stone staircase leading up here.
You feel sick. The orc hits you with a +0 whip.
You climb upwards.
You feel very sick.
There is a stone staircase leading down here.
The orc attacks as you move away! The orc barely misses you.
You feel sick.
The orc hits you with a +3 short sword of venom.
You are more poisoned.
The orc hits you with a +0 whip. The orc attacks as you move away!
The orc barely misses you.
You feel very sick.
You feel sick.
You feel sick.
The orc hits you with a +3 short sword of venom.
You are more poisoned.
* * * LOW HITPOINT WARNING * * *
You feel very sick.
* * * LOW HITPOINT WARNING * * *
You feel very sick.
You feel sick.
You feel sick. The orc attacks as you move away! The orc misses you.
You feel sick.
There is a stone staircase leading up here.
You feel sick.
The orc hits you with a +3 short sword of venom.
You are lethally poisoned!
You climb upwards.
You die...

#.## ##.###..)....##........# #
##.## ##.##
#.......##........### ##..###.##
#................#... #.......#
#.......##...###.#... #...#####
#.......##...###.#..# #...#
#..................## #...#
####.###########..... #...#
#####.##.......####.##
#...########...#@##.......# #.#
..........#.###.o##.......####.#
.........<.## ##..........##...#
...........# #.###......##.###
#.†.######.## ##.# ##.....##.#
#...# ##.###.## #.....##.# #...#
##....## ##.######.# #...#
####.##.###.## #.# #...#
#......÷...########.#


You could see an orc.

Vanquished Creatures
  An ogre (D:4)
  A bullfrog (D:4)
  An iguana (D:4)
  Natasha (twice) (D:4)
  5 adders
  An ufetubus (D:4)
  3 worms
  2 dart slugs
  2 orcs
  5 endoplasms
  9 giant cockroaches
  8 hobgoblins
  8 jackals
  5 kobolds
  2 quokkas (D:1)
  10 ball pythons
  4 bats
  4 frilled lizards
  7 goblins
  7 rats
87 creatures vanquished.

Notes
Turn   | Place    | Note
-------+----------+-------------------------------------------
     0 | D:1      | dorian the Vine Stalker Enchanter began the quest for the
                  | Orb.
     0 | D:1      | Reached XP level 1. HP: 9/9 MP: 4/4
    56 | D:1      | Reached skill level 1 in Short Blades
    74 | D:1      | Reached XP level 2. HP: 12/13 MP: 3/6
   156 | D:1      | Learned a level 2 spell: Ensorcelled Hibernation
   446 | D:1      | Reached XP level 3. HP: 16/16 MP: 8/8
  1044 | D:2      | Found a faded altar of an unknown god.
  1055 | D:2      | Gained mutation: Your natural rate of healing is unusually
                  | fast. [Vine Stalker growth]
  1055 | D:2      | Reached XP level 4. HP: 20/21 MP: 7/9
  1907 | D:3      | Reached XP level 5. HP: 24/24 MP: 11/11
  2063 | D:3      | Learned a level 2 spell: Passwall
  2174 | D:4      | Noticed Natasha
  2198 | D:4      | Killed Natasha
  2319 | D:4      | Found Zaozeqie's Jewellery Shoppe.
  2429 | D:4      | Noticed Natasha
  2433 | D:4      | Killed Natasha
  2473 | D:4      | Reached skill level 1 in Fighting
  2473 | D:4      | Reached XP level 6. HP: 30/30 MP: 12/12
  2894 | D:5      | Entered Level 5 of the Dungeon
  2964 | D:3      | Succumbed to an orc's poison

Illustrated notes

Levels and vault maps discovered:
D:1:      wander_arrival_peaceful_grave, layout_basic, minmay_bisected
D:2:      layout_rooms, hellmonk_ecumenical_altar_pennies_from_heaven
D:3:      layout_loops_cross, chequers_hall_statues_y
D:4:      layout_loops_ring, minmay_shop_enchanted_jewellery,
          chequers_serial_rivers_micro_c, uniq_natasha
D:5:      layout_cave_pools, mainiacjoe_overflow_24_doors

Skill      XL: |  1  2  3  4  5  6 |
---------------+-------------------+-----
Short Blades   | 1 2 3 |  3.6
Spellcasting   | 3 4 |  4.0
Hexes          | 4 |  4.5
Fighting       | 1 |  1.5
Dodging        | |  1.5
Stealth        | |  3.6

Action                     |  1- 3 |  4- 6 || total
---------------------------+-------+-------++-------
  Melee: Dagger            |   100 |   112 ||   212
         Bite              |    24 |    35 ||    59
         Punch             |     1 |     1 ||     2
   Cast: Ensorcelled Hiber |     2 |     8 ||    10
    Use: Scroll            |     2 |     6 ||     8
   Stab: Sleeping          |     9 |    15 ||    24
 Armour: Robe              |    13 |    21 ||    34
  Dodge: Dodged            |    55 |    74 ||   129
